 Dungeon Crawl Stone Soup version 0.29-a0-40-g8eb35efe60 (webtiles) character file.

Game seed: 177071534882830684

882 willcat the Covered (level 8, -3/60 HPs)
             Began as a Human Fighter on Feb 2, 2022.
             Was an Initiate of Qazlal.
             Slain by a yak (11 damage)
             ... on level 5 of the Dungeon.
             The game lasted 00:04:10 (4767 turns).

willcat the Covered (Human Fighter)                 Turns: 4767, Time: 00:04:10

Health: -3/60      AC:  8    Str: 19    XL:     8   Next: 25%
Magic:  9/9        EV:  9    Int:  9    God:    Qazlal [......]
Gold:   203        SH:  9    Dex: 12    Spells: 7/7 levels left

rFire   . . .      SeeInvis +   k - +3 broad axe (vamp)
rCold   . . .      Faith    .   h - +0 kite shield
rNeg    . . .      Spirit   .   b - +0 scale mail
rPois   .          Reflect  .   r - +0 helmet
rElec   .          Harm     .   (no cloak)
rCorr   .          Rampage  .   (no gloves)
Will    .....                   (no boots)
Stlth   ..........              (no amulet)
HPRegen 0.20/turn               f - ring of see invisible
MPRegen 0.11/turn               (no ring)

@: no status effects
A: no striking features
a: Renounce Religion


You were on level 5 of the Dungeon.
You worshipped Qazlal.
Qazlal was noncommittal.
You visited 2 branches of the dungeon, and saw 6 of its levels.
You also visited: Sewer.

You collected 322 gold pieces.
You spent 119 gold pieces at shops.

Inventory:

Hand Weapons
 k - a +3 vampiric broad axe (weapon)
Missiles
 t - 3 poisoned darts (quivered)
Armour
 b - a +0 scale mail (worn)
 h - a +0 kite shield (worn)
 r - a +0 helmet (worn)
Jewellery
 f - a ring of see invisible (left hand)
 g - a +6 ring of strength
 o - a ring of fire
 s - an amulet of guardian spirit
Wands
 p - a wand of paralysis (12)
 q - a wand of iceblast (8)
Scrolls
 j - a scroll of enchant weapon {unknown}
 l - 3 scrolls of identify
 m - a scroll of immolation
Potions
 a - a potion of degeneration
 c - a potion of berserk rage
 d - a potion of curing
 e - a potion of resistance {unknown}
 i - a potion of flight
 n - a potion of magic
 u - a potion of brilliance {unknown}


   Skills:
 + Level 3.7 Fighting
 + Level 3.3(3.8) Axes
 - Level 2.7(3.5) Polearms
 + Level 5.1 Armour
 + Level 3.7 Dodging
 + Level 5.1 Shields
 + Level 2.1 Invocations


You had 7 spell levels left.
You didn't know any spells.
Your spell library contained the following spells:

 Spells                   Type           Power      Damage    Failure   Level
 Corpse Rot               Necr/Air       0%         N/A       99%         2
 Gell's Gravitas          Tloc           0%         N/A       100%        3
 Lesser Beckoning         Tloc           0%         N/A       100%        3
 Stone Arrow              Conj/Erth      0%         3d7       100%        3
 Teleport Other           Tloc           0%         N/A       100%        3
 Petrify                  Tmut/Erth      0%         N/A       100%        4


Dungeon Overview and Level Annotations

Branches:
Dungeon (5/15)             Temple (1/1) D:4           Sewer (visited)

Altars:
Hepliaklqana
Qazlal
Trog
Xom

Shops:
D:3 *


Message History

Your Shields skill increases to level 5!
Your Invocations skill increases to level 2!
You hit the yak.
You feel better.
The yak is lightly wounded.
The yak gores you!
* * * LOW HITPOINT WARNING * * *
The yak barely misses you.
Unknown command.
A necrophage comes into view.
Found a scroll labelled MIDGHU SAUGAURA.
An orc comes into view. It is wielding a +0 trident.
Okay, then.
Okay, then.
The orc hits you but does no damage.
You barely miss the orc. You hit the yak.
You feel better. You block the orc's attack. The yak barely misses you.
You block the orc's attack. The yak gores you but does no damage.
You closely miss the orc. You hit the yak. You block the orc's attack.
You block the yak's attack.
Unknown command.
You barely miss the orc. You barely miss the yak. You block the orc's attack.
The yak closely misses you. The orc hits you with a +0 trident.
* * * LOW HITPOINT WARNING * * *
The yak gores you.
* * * LOW HITPOINT WARNING * * *
Unknown command.
You completely miss the orc. You barely miss the yak.
The orc hits you but does no damage. You block the yak's attack.
You block the orc's attack.
Unknown command.
You closely miss the orc. You hit the yak.
You feel better. The yak closely misses you. The orc barely misses you.
You block the yak's attack.
Unknown command.
You hit the orc.
You feel better.
The orc is lightly wounded.
You hit the yak.
You feel better. The orc hits you with a +0 trident.
* * * LOW HITPOINT WARNING * * *
The yak gores you!
You die...

#.# ####### #.###
#.....# #.##. #..?..#
#.##. #.....# #.##.
#.....# #<##. #.#
#.....# ##...
.....####n....#######.#.
......o@YY...>....†.....
......###Z....#.#####.##
..... #.....#.# #.# ....
#######.# #.. ### #.#
#### #.# #.# #.#


You could see 2 yaks, a necrophage, an orc and a wyvern zombie.

Vanquished Creatures
  2 yaks (D:5)
  A water moccasin (Sewer)
  A necrophage (D:5)
  An ogre (D:5)
  A phantom (D:4)
  A water moccasin skeleton (D:4)
  A centaur skeleton (D:4)
  An iguana (D:4)
  3 gnolls (D:4)
  6 adders
  A shadow imp (D:4)
  A worm (D:2)
  2 orcs
  8 ball pythons
  3 bats
  4 endoplasms
  5 giant cockroaches
  5 goblins
  4 hobgoblins
  3 jackals (D:3)
  A quokka (D:4)
  9 frilled lizards
  3 kobolds
  6 rats
73 creatures vanquished.

Vanquished Creatures (others)
  3 plants (D:3)
  5 toadstools (D:1)
8 creatures vanquished.

Grand Total: 81 creatures vanquished

Notes
Turn   | Place    | Note
-------+----------+-------------------------------------------
     0 | D:1      | willcat the Human Fighter began the quest for the Orb.
     0 | D:1      | Reached XP level 1. HP: 18/18 MP: 1/1
   222 | D:1      | Reached XP level 2. HP: 22/24 MP: 2/2
   624 | D:1      | You fall into a shaft and drop 1 floor!
   916 | D:2      | Reached skill level 1 in Dodging
   916 | D:2      | Reached XP level 3. HP: 16/29 MP: 3/3
  1447 | D:2      | Reached XP level 4. HP: 23/35 MP: 4/4
  2358 | D:3      | Found Imixery's Assorted Antiques.
  2429 | D:3      | Bought a glowing broad axe for 119 gold pieces
  3366 | D:4      | Found a glowing drain.
  3379 | Sewer    | Entered a sewer
  3402 | Sewer    | Noticed a water moccasin
  3419 | Sewer    | Killed a water moccasin
  3420 | Sewer    | Reached skill level 1 in Axes
  3420 | Sewer    | Reached XP level 5. HP: 22/41 MP: 5/5
  3420 | Sewer    | Reached XP level 6. HP: 25/47 MP: 6/6
  3861 | D:4      | Got the Catalogue of the Rocks and Lightness
  3893 | D:4      | Reached XP level 7. HP: 33/52 MP: 7/7
  4233 | D:4      | Found a staircase to the Ecumenical Temple.
  4358 | Temple   | Entered the Ecumenical Temple
  4439 | Temple   | Became a worshipper of Qazlal Stormbringer
  4517 | D:5      | Entered Level 5 of the Dungeon
  4651 | D:5      | Reached skill level 1 in Invocations
  4700 | D:5      | Noticed a yak
  4700 | D:5      | Noticed a yak
  4700 | D:5      | Noticed a yak
  4701 | D:5      | Noticed a yak
  4741 | D:5      | Killed a yak
  4742 | D:5      | Reached XP level 8. HP: 53/58 MP: 7/9
  4750 | D:5      | Killed a yak
  4751 | D:5      | Reached skill level 5 in Armour
  4751 | D:5      | Reached skill level 5 in Shields
  4767 | D:5      | Slain by a yak

Illustrated notes

Levels and vault maps discovered:
D:1:      noname_arrival_rooms_in_the_neighbourhood, layout_basic,
          hangedman_decor_lopped, roderic_lattice_a, hex_tiny, minivault_27,
          minmay_gold_behind_fungi, roderic_roman_lattice,
          minmay_misc_feat_ornament
D:2:      layout_loops_ring, minmay_lizard_pond
D:3:      layout_loops_ring, serial_shops,
          nicolae_shop_temple_entry_statues_fountains, serial_forest,
          infiniplex_forest_lined_3, infiniplex_forest_clump_double,
          infiniplex_forest_clump_small, infiniplex_forest_straight_1,
          infiniplex_forest_end_double, infiniplex_forest_lined_corner,
          infiniplex_forest_pool, infiniplex_forest_clump_diagonal,
          uniq_crazy_yiuf_cottage
D:4:      layout_basic, temple_hall, portal_sewer_entry_a
D:5:      layout_basic, enter_ossuary_5
Temple:   mainiacjoe_temple_cubbyholes

Skill      XL: |  1  2  3  4  5  6  7  8 |
---------------+-------------------------+-----
Dodging        | 1 2 3 |  3.7
Axes           | 1 2 3 |  3.3
Armour         | 4 5 |  5.1
Shields        | 4 5 |  5.1
Invocations    | 1 2 |  2.1
Fighting       | |  3.7
Polearms       | |  2.7

Action                   |  1- 3 |  4- 6 |  7- 9 || total
-------------------------+-------+-------+-------++-------
Melee: Trident           |   100 |    35 |       ||   135
       Broad axe         |       |    79 |    53 ||   132
  Use: Potion            |       |     6 |       ||     6
       Scroll            |       |     4 |       ||     4
Armor: Scale mail        |    42 |    45 |    16 ||   103
Dodge: Dodged            |    35 |    59 |    24 ||   118
Block: Buckler           |     2 |       |       ||     2
       Kite shield       |    47 |    55 |    27 ||   129

Table legend: (Time is in decaauts)
 A = Elapsed time spent in this place.
 B = Non-inter-level travel time spent in this place.
 C = Inter-level travel time spent in this place.
 D = Time resting spent in this place.
 E = Time spent auto-exploring this place.
 F = Levels seen in this place.
 G = Mean time per level.
                   A        B        C        D        E       F      G
               +--------+--------+--------+--------+--------+-----+--------+
         Total |   4899 |   4613 |    286 |    229 |   3523 |   7 |  699.9 |
       Dungeon |   4563 |   4321 |    242 |    223 |   3320 |   5 |  912.6 |
        Temple |    124 |     81 |     43 |      0 |     68 |   1 |  124.0 |
         Sewer |    211 |    211 |      0 |      6 |    135 |   1 |  211.0 |
               +--------+--------+--------+--------+--------+-----+--------+

Top non-repeatable levels by time:
     D:2: 1430 daAuts
     D:3: 1011 daAuts
     D:1: 969 daAuts
     D:4: 875 daAuts
     D:5: 276 daAuts
   Sewer: 211 daAuts
  Temple: 124 daAuts
